 Dungeon Crawl Stone Soup version bcrawl-1.22 (webtiles) character file.

Game seed: 10886415206721074018

184 Morbidden the Grave Robber (level 5, -1/30 HPs)
             Began as a Skeleton Necromancer on May 17, 2020.
             Was an Initiate of Makhleb.
             Slain by Grinder (7 damage)
             ... on level 3 of the Dungeon.
             The game lasted 00:09:05 (2213 turns).

Morbidden the Grave Robber (Skeleton Necromancer)   Turns: 2213, Time: 00:09:05

Health: -1/30      AC:  4    Str: 14 (15) XL:     5   Next: 36%
Magic:  0/12       EV: 12    Int: 14      God:    Makhleb [......]
Gold:   119        SH:  0    Dex:  9      Spells: 12/14 levels left

rFire    . . .     SeeInvis .   j - +2 war axe (freeze)
rCold    + . .     Gourm    .   (no shield)
rNeg     + + +     Faith    .   b - +0 robe
rPois    ∞         Spirit   +   i - +0 helmet
rElec    .         Reflect  .   f - +0 cloak
rCorr    .         Harm     .   (no gloves)
MR       .....                  (no boots)
Stlth    ++........             (no amulet)
HPRegen  0.10/turn              (no ring)
MPRegen  0.13/turn              (no ring)

@: no status effects
A: no food or potions, cold resistance 1, deterioration 1, negative energy
resistance 3, torment resistance, unbreathing, magic shield, sturdy frame 1,
spell healing
a: Renounce Religion


You were on level 3 of the Dungeon.
You worshipped Makhleb.
Makhleb was noncommittal.
You were not hungry.

You visited 1 branch of the dungeon, and saw 3 of its levels.

You collected 119 gold pieces.

Inventory:

Hand Weapons
 j - a +2 war axe of freezing (weapon)
Armour
 b - a +0 robe (worn)
 f - a +0 cloak (worn)
 i - a +0 helmet (worn)
 k - a +0 ring mail
Scrolls
 d - a scroll of identify
 g - 2 scrolls of noise


   Skills:
 * Level 1.7 Fighting
 + Level 1.3 Axes
 + Level 2.2 Dodging
 + Level 2.6 Stealth
 + Level 5.2 Spellcasting
 + Level 5.4 Necromancy


You had 12 spell levels left.
You knew the following spells:

 Your Spells              Type           Power        Failure   Level  Hunger
a - Pain                  Necr           ###...       1%          1    N/A
b - Animate Skeleton      Necr           N/A          1%          1    N/A

Your spell library contained the following spells:

 Spells                   Type           Power        Failure   Level  Hunger
 Vampiric Draining        Necr           ###.......   5%          3    N/A
 Animate Dead             Necr           N/A          19%         4    N/A
 Bolt of Draining         Conj/Necr      ##........   83%         5    N/A
 Regeneration             Chrm/Necr      Unusable     N/A         3    N/A

Dungeon Overview and Level Annotations

Branches:
Dungeon (3/12)

Altars:
Cheibriados
Makhleb

Annotations:
D:2 Sigmund
D:3 Grinder


Innate Abilities, Weirdness & Mutations

You do not eat or drink.
You are immune to poison.
Your flesh is cold resistant. (rC+)
Your body sometimes deteriorates upon taking damage.
You are immune to negative energy. (rN+++)
You are immune to unholy pain and torment.
You can survive without breathing.
When hurt, damage is shared between your health and your magic reserves.
Your movements are slightly less encumbered by armour. (ER -2)
Casting spells heals you.


Message History

Grinder hits you but does no damage. Grinder hits you.
You slash Grinder!
Grinder is moderately wounded.
Grinder hits you but does no damage.
You hit Grinder.
Grinder is heavily wounded.
Grinder gestures at you. You resist with some effort.
Grinder closely misses you.
You closely miss Grinder.
Grinder is heavily wounded.
Grinder says, "Don't move a muscle."
Grinder completely misses you.
You hit Grinder.
Grinder is heavily wounded.
Grinder hits you! x2
* * * LOW HITPOINT WARNING * * *
You hit Grinder but do no damage.
Grinder is heavily wounded.
Grinder hits you!
You die...

#.# ####.....,,*,**
#.#######!.......,,,,,** *******
#....†...§##.....,,,,,,* ,,,,,>*
#########........,,,,,,, *****,*
#<.#.....,,,,,,*
*****,****######*#........,,,,,**
*,,,,,,,,,,.....##5.......,,,,**
,,***,*******#..5#.§.#####*****
*** *,* *,#@#wg§# *,*
#***,#%#.§.# * *,* #.,,,#.†...#
** *,* #.##*####..# * ,* *,*
#....#§§§§.## *** ** *,*
*,[..#§§§§§.# *,, * *,*
*,,#.#§###§[# *,* * *,* #,,#...#
*..# *,* * *,*
#..#...#***##********,*


You could see Grinder.

Vanquished Creatures
  A big kobold (D:3)
  Terence (D:3)
  2 adders (D:3)
  4 worms
  4 dart slugs
  2 leopard geckos
  An orc (D:3)
  3 giant cockroaches (D:1)
  A goblin (D:1)
  6 hobgoblins
  9 jackals
  3 kobolds
  3 quokkas
  A ball python (D:3)
  3 bats
  3 rats
47 creatures vanquished.

Notes
Turn   | Place    | Note
-------+----------+-------------------------------------------
     0 | D:1      | Morbidden the Skeleton Necromancer began the quest for the
                  | Orb.
     0 | D:1      | Reached XP level 1. HP: 10/10 MP: 4/4
   150 | D:2      | Noticed Sigmund
   219 | D:1      | Reached XP level 2. HP: 9/15 MP: 0/6
   493 | D:1      | Reached skill level 5 in Necromancy
   797 | D:1      | Reached XP level 3. HP: 20/20 MP: 6/8
  1501 | D:2      | Reached skill level 1 in Fighting
  2038 | D:3      | Noticed Terence
  2039 | D:3      | Reached XP level 4. HP: 17/25 MP: 7/10
  2054 | D:3      | Killed Terence
  2115 | D:3      | Noticed Grinder
  2119 | D:2      | Found a burning altar of Makhleb.
  2119 | D:2      | Found a snail-covered altar of Cheibriados.
  2128 | D:2      | Became a worshipper of Makhleb the Destroyer
  2145 | D:3      | Noticed a big kobold
  2157 | D:3      | Killed a big kobold
  2157 | D:3      | Reached skill level 1 in Axes
  2157 | D:3      | Reached skill level 5 in Spellcasting
  2157 | D:3      | Reached XP level 5. HP: 21/30 MP: 2/12
  2213 | D:3      | Slain by Grinder

Skill      XL: |  1  2  3  4 |
---------------+-------------+-----
Necromancy     | 5 |  5.4
Fighting       | 1 |  1.7
Spellcasting   | 4 5 |  5.2
Axes           | 1 |  1.3
Dodging        | |  2.2
Stealth        | |  2.6

Action                   |  1- 3 |  4- 6 || total
-------------------------+-------+-------++-------
Melee: Dagger            |    19 |       ||    19
       War axe           |    15 |    34 ||    49
 Cast: Pain              |    80 |    22 ||   102
  Use: Scroll            |     2 |     5 ||     7
Armor: Robe              |    18 |    14 ||    32
Dodge: Dodged            |    38 |    21 ||    59
